 Dungeon Crawl Stone Soup version 0.24.0-41-g2ae2f7f1be (webtiles) character file.

Game seed: 14734158152471541982, levelgen mode: deterministic

253 Iamsoldier the Sneak (level 5, -8/41 HPs)
             Began as a Demonspawn Assassin on Dec 13, 2019.
             Mangled by a gnoll
             ... wielding a +0 spear
              (9 damage)
             ... on level 3 of the Dungeon.
             The game lasted 00:04:23 (3024 turns).

Iamsoldier the Sneak (Demonspawn Assassin)          Turns: 3024, Time: 00:04:24

Health: -8/41      AC:  3    Str: 11    XL:     5   Next: 90%
Magic:  0/5        EV: 13    Int: 13    God:
Gold:   156        SH:  0    Dex: 17    Spells: 4/4 levels left

rFire    . . .     SeeInvis .   h - +1 dagger (venom)
rCold    . . .     Gourm    .   (no shield)
rNeg     . . .     Faith    .   b - +0 robe
rPois    .         Spirit   +   (no helmet)
rElec    .         Reflect  .   c - +0 cloak
rCorr    .         Harm     .   (no gloves)
MR       .....                  (no boots)
Stlth    +++.......             (no amulet)
HPRegen  0.13/turn              (no ring)
MPRegen  0.18/turn              (no ring)

@: no status effects
A: thin skeletal structure 1, magic shield, magic regeneration
a: no special abilities


You were on level 3 of the Dungeon.
You were not hungry.

You visited 1 branch of the dungeon, and saw 3 of its levels.

You collected 156 gold pieces.

Inventory:

Hand Weapons
 a - a +2 dagger
 h - a +1 dagger of venom (weapon)
Missiles
 d - 8 poisoned darts (quivered)
 e - 6 curare-tipped darts
Armour
 b - a +0 robe (worn)
 c - a +0 cloak (worn)
Scrolls
 g - a scroll of magic mapping {unknown}
 k - 2 scrolls of enchant armour {unknown}
 m - 6 scrolls of identify {unknown}
 q - a scroll of random uselessness {unknown}
 r - 2 scrolls of enchant weapon {unknown}
 u - a scroll of fog {unknown}
Potions
 i - a potion of curing {unknown}
 j - 2 potions of degeneration {unknown}
 l - 3 potions of heal wounds
 n - 4 potions of berserk rage {unknown}
 o - a potion of agility {unknown}
 p - a potion of ambrosia {unknown}
 s - a potion of flight {unknown}
Comestibles
 f - 8 rations
 t - 15 chunks of flesh


   Skills:
 + Level 3.2 Fighting
 * Level 3.8 Short Blades
 - Level 1.7 Throwing
 + Level 2.3 Dodging
 + Level 4.5 Stealth


You had 4 spell levels left.
You didn't know any spells.
Your spell library was empty.

Dungeon Overview and Level Annotations

Branches:
Dungeon (3/15)

Altars:
Trog


Innate Abilities, Weirdness & Mutations

You have a somewhat thin skeletal structure. (Dex +2, Stealth)
When hurt, damage is shared between your health and your magic reserves.
You regenerate magic rapidly.


Message History

* * * LOW HITPOINT WARNING * * *
Okay, then.
Okay, then.
You aren't carrying any items that you can evoke.
It was a potion of heal wounds.
You feel much better.
An orc comes into view. It is wielding a +0 hand axe.
The gnoll hits you from afar with a +0 spear!
The rat barely misses you.
An orc and an orc priest come into view.
The orc shouts!
The orc priest shouts!
The gnoll hits you with a +0 halberd!
The orc priest looks encouraged for a moment.
The gnoll closely misses you. The rat bites you but does no damage.
You see here an adder corpse.
You hit the gnoll.
The gnoll is moderately wounded.
The gnoll hits you with a +0 halberd!
* * * LOW HITPOINT WARNING * * *
The gnoll hits you with a +0 spear!
You die...

#......# ................
#......# ................
#...o..#####......####.....
##...)o............####..(..
#........o..................
#.......................)...
#....##....o................
#.........gg................
##.......or@..####.......#..
##....####....# #.......#..
#...## ###### ##.........
#..## #≈# ##........ #..#
∩.∩ #........ #..## ##.##
##........ #...## #≈.≈#
##.........
#....#####∩#####..........
#.........................


You could see an orc priest, 2 gnolls, 4 orcs and a rat.

Vanquished Creatures
  A howler monkey (D:2)
  Terence (D:2)
  A gnoll (D:3)
  8 adders
  An ooze (D:3)
  3 worms
  2 dart slugs
  2 leopard geckos
  8 orcs (D:3)
  6 bats
  5 giant cockroaches
  8 goblins
  9 hobgoblins
  3 jackals (D:3)
  2 quokkas
  2 ball pythons
  2 frilled lizards
  10 kobolds
  8 rats
82 creatures vanquished.

Notes
Turn   | Place    | Note
-------+----------+-------------------------------------------
     0 | D:1      | Iamsoldier the Demonspawn Assassin began the quest for the
                  | Orb.
     0 | D:1      | Reached XP level 1. HP: 16/16 MP: 1/1
    25 | D:1      | Reached skill level 1 in Dodging
   230 | D:1      | Gained mutation: You have a somewhat thin skeletal
                  | structure. (Dex +2, Stealth) [demonic ancestry]
   230 | D:1      | Reached XP level 2. HP: 19/22 MP: 2/2
   614 | D:1      | Reached XP level 3. HP: 18/28 MP: 3/3
  1356 | D:2      | Reached skill level 4 in Stealth
  1356 | D:2      | Gained mutation: When hurt, damage is shared between your
                  | health and your magic reserves. [demonic ancestry]
  1356 | D:2      | Reached XP level 4. HP: 17/34 MP: 4/4
  1947 | D:2      | Noticed Terence
  1955 | D:2      | Killed Terence
  1955 | D:2      | Gained mutation: You regenerate magic rapidly. [demonic
                  | ancestry]
  1955 | D:2      | Reached XP level 5. HP: 40/40 MP: 5/5
  2822 | D:3      | Found a bloodstained altar of Trog.
  3024 | D:3      | HP: 1/41 [gnoll/+0 halberd (13)]
  3024 | D:3      | Mangled by a gnoll

Levels and vault maps discovered:
D:1:      dpeg_arrival_rooms_b, layout_basic
D:2:      layout_basic, first_ration, uniq_terence
D:3:      layout_basic, lemuel_round_altar, amethyst_overflow_temple_binary,
          kennysheep_generic_room_2

Skill      XL: |  1  2  3  4  5 |
---------------+----------------+-----
Dodging        | 1 2 |  2.3
Short Blades   | 2 3 |  3.8
Stealth        | 4 |  4.5
Fighting       | 3 |  3.2
Throwing       | |  1.7

Action                   |  1- 3 |  4- 6 || total
-------------------------+-------+-------++-------
Melee: Dagger            |   101 |   162 ||   263
  Use: Potion            |       |     1 ||     1
 Stab: Sleeping          |     5 |    11 ||    16
       Distracted        |     1 |       ||     1
  Eat: Chunk             |     1 |     6 ||     7
Armor: Robe              |    35 |    26 ||    61
Dodge: Dodged            |    63 |   101 ||   164
